TOP OF THE 1ST |
Franklin Fire batting - Pitching for Ballard Beavers : RHP José Sánchez
|
Pitching: RHP José Sánchez
|
|
Batting: LHB Mitchell Pate
|
0-0: Called Strike 0-1: Ball 1-1: Swinging Strike 1-2: Foul Ball, location: 2F 1-2: Strikes out swinging
|
Batting: RHB Peter Holland
|
0-0: Foul Ball, location: 2F 0-1: Ball 1-1: Ball 2-1: Ball 3-1: Called Strike 3-2: SINGLE (Flyball, 7LM)
|
Batting: RHB Dan Lewis
|
0-0: Foul Ball, location: 2F 0-1: Grounds into double play, 6-4-3 (Groundball, 6)
|
Top of the 1st over - 0 runs, 1 hit, 0 errors, 0 left on base; Franklin 0 - Ballard 0 |
BOTTOM OF THE 1ST |
Ballard Beavers batting - Pitching for Franklin Fire : LHP Kohei Nishikawa
|
Pitching: LHP Kohei Nishikawa
|
|
Batting: RHB Bob Smelcer
|
0-0: Bunt for hit - play at first, batter OUT! 1-3
|
Batting: RHB Tony Hernández
|
0-0: Ball 1-0: Ball 2-0: Ground out 6-3 (Groundball, 6)
|
Batting: RHB Jim Herries
|
0-0: Called Strike 0-1: Ball 1-1: Ball 2-1: SINGLE (Groundball, 4MD)
|
Batting: RHB Cornelius Adkison
|
0-0: Called Strike 0-1: DOUBLE (Line Drive, 89D) Jim Herries to third Runner from 3rd tries for Home, SAFE, no throw
|
Batting: RHB José Hernández
|
0-0: Called Strike 0-1: Ball Wild Pitch! Cornelius Adkison to third 1-1: Ground out 6-3 (Groundball, 6)
|
Bottom of the 1st over - 1 run, 2 hits, 0 errors, 1 left on base; Franklin 0 - Ballard 1 |
TOP OF THE 2ND |
Franklin Fire batting - Pitching for Ballard Beavers : RHP José Sánchez
|
Batting: SHB Govaart Baars
|
0-0: Called Strike 0-1: Swinging Strike 0-2: Foul Ball, location: 2F 0-2: Ball 1-2: Foul Ball, location: 2F 1-2: Strikes out swinging
|
Batting: RHB Thomas Flyer
|
0-0: Swinging Strike 0-1: Foul Ball, location: 2F 0-2: Strikes out swinging
|
Batting: LHB Wilson Hernández
|
0-0: Ball 1-0: Ball 2-0: Foul Ball, location: 2F 2-1: Ground out 1-3 (Groundball, 13)
|
Top of the 2nd over - 0 runs, 0 hits, 0 errors, 0 left on base; Franklin 0 - Ballard 1 |
BOTTOM OF THE 2ND |
Ballard Beavers batting - Pitching for Franklin Fire : LHP Kohei Nishikawa
|
Batting: RHB Juan Jose Guerrero
|
0-0: Ball 1-0: Ball 2-0: Foul Ball, location: 2F 2-1: Fly out, F2 (Popup, 25F)
|
Batting: LHB Gabriel Montoya
|
0-0: Ball 1-0: Ball 2-0: Ball 3-0: Called Strike 3-1: Base on Balls
|
Batting: RHB Evegnii Wolfson
|
0-0: Ball 1-0: Ball 2-0: Grounds into double play, 5-4-3 (Groundball, 56)
|
Bottom of the 2nd over - 0 runs, 0 hits, 0 errors, 0 left on base; Franklin 0 - Ballard 1 |
TOP OF THE 3RD |
Franklin Fire batting - Pitching for Ballard Beavers : RHP José Sánchez
|
Batting: RHB Djakapura Makanamaikai
|
0-0: Ball 1-0: SINGLE (Groundball, 6D)
|
Batting: RHB Ricardo Cardona
|
0-0: Ball Wild Pitch! Djakapura Makanamaikai to second 1-0: Foul Ball, location: 2F 1-1: Foul Ball, location: 2F 1-2: SINGLE (Flyball, 8RS) Djakapura Makanamaikai to third Runner from 3rd tries for Home, SAFE, no throw
|
Batting: RHB Shannon L. Alder
|
0-0: Ball 1-0: Called Strike 1-1: Ball 2-1: Foul Ball, location: 2F 2-2: Strikes out swinging
|
Batting: LHB Mitchell Pate
|
0-0: Ball 1-0: Ball 2-0: SINGLE (Flyball, 8RS) Ricardo Cardona to second
|
Batting: RHB Peter Holland
|
0-0: Ball 1-0: Ball 2-0: Swinging Strike 2-1: Foul Ball, location: 2F 2-2: Foul Ball, location: 2F 2-2: Ball 3-2: Base on Balls Ricardo Cardona to third Mitchell Pate to second
|
Batting: RHB Dan Lewis
|
0-0: Swinging Strike 0-1: Swinging Strike 0-2: Ball 1-2: Strikes out swinging
|
Batting: SHB Govaart Baars
|
0-0: Ball 1-0: Called Strike 1-1: Foul Ball, location: 2F 1-2: Foul Ball, location: 2F 1-2: Ball 2-2: Ball 3-2: Strikes out looking
|
Top of the 3rd over - 1 run, 3 hits, 0 errors, 3 left on base; Franklin 1 - Ballard 1 |
BOTTOM OF THE 3RD |
Ballard Beavers batting - Pitching for Franklin Fire : LHP Kohei Nishikawa
|
Batting: SHB Rafael Bregonzi
|
0-0: Called Strike 0-1: Ball 1-1: Foul Ball, location: 2F 1-2: Strikes out swinging
|
Batting: RHB Bob Smelcer
|
0-0: Called Strike 0-1: Ball 1-1: Foul Ball, location: 2F 1-2: Foul Ball, location: 2F 1-2: Ball 2-2: Foul Ball, location: 2F 2-2: Foul Ball, location: 2F 2-2: SINGLE (Line Drive, 56)
|
Batting: RHB Tony Hernández
|
0-0: Ball 1-0: Foul Ball, location: 2F 1-1: Ball 2-1: Fly out, F9 (Flyball, 89S)
|
Batting: RHB Jim Herries
|
0-0: Ball 1-0: Ball 2-0: Ball 3-0: Base on Balls Bob Smelcer to second
|
Batting: RHB Cornelius Adkison
|
0-0: Called Strike 0-1: Ball 1-1: Called Strike 1-2: Foul Ball, location: 2F 1-2: Ball 2-2: Foul Ball, location: 2F 2-2: SINGLE (Line Drive, 7LM) Bob Smelcer to third Jim Herries to second
|
Batting: RHB José Hernández
|
0-0: Called Strike 0-1: Ball 1-1: Ball 2-1: Foul Ball, location: 2F 2-2: Fly out, F5 (Line Drive, 56)
|
Bottom of the 3rd over - 0 runs, 2 hits, 0 errors, 3 left on base; Franklin 1 - Ballard 1 |
TOP OF THE 4TH |
Franklin Fire batting - Pitching for Ballard Beavers : RHP José Sánchez
|
Batting: RHB Thomas Flyer
|
0-0: Swinging Strike 0-1: Ball 1-1: Ground out 5-3 (Groundball, 56S)
|
Batting: LHB Wilson Hernández
|
0-0: Called Strike 0-1: Ball 1-1: Swinging Strike 1-2: Ball 2-2: Strikes out swinging
|
Batting: RHB Djakapura Makanamaikai
|
0-0: Ball 1-0: Ball 2-0: Swinging Strike 2-1: Ball 3-1: SINGLE (Groundball, 6D)
|
Batting: RHB Ricardo Cardona
|
0-0: Ball 1-0: Foul Ball, location: 2F 1-1: SINGLE (Line Drive, 8RS) Djakapura Makanamaikai to second Runner from 2nd tries for 3rd, SAFE, no throw
|
Batting: RHB Shannon L. Alder
|
0-0: Ball 1-0: Foul Ball, location: 2F 1-1: DOUBLE (Flyball, 78D) Djakapura Makanamaikai scores Ricardo Cardona to third Runner from 3rd tries for Home, SAFE, no throw
|
Batting: LHB Mitchell Pate
|
0-0: Ball 1-0: Foul Ball, location: 2F 1-1: Called Strike 1-2: Ball 2-2: Ball 3-2: Fly out, F7 (Flyball, 7D)
|
Top of the 4th over - 2 runs, 3 hits, 0 errors, 1 left on base; Franklin 3 - Ballard 1 |
BOTTOM OF THE 4TH |
Ballard Beavers batting - Pitching for Franklin Fire : LHP Kohei Nishikawa
|
Batting: RHB Juan Jose Guerrero
|
0-0: Called Strike 0-1: Ball 1-1: DOUBLE (Groundball, 5L)
|
Batting: LHB Gabriel Montoya
|
0-0: Called Strike 0-1: Called Strike 0-2: Ball 1-2: Strikes out swinging
|
Batting: RHB Evegnii Wolfson
|
0-0: Ground out 6-3 (Groundball, 6)
|
Batting: SHB Rafael Bregonzi
|
0-0: Ball 1-0: Ground out 5-3 (Groundball, 56S)
|
Bottom of the 4th over - 0 runs, 1 hit, 0 errors, 1 left on base; Franklin 3 - Ballard 1 |
TOP OF THE 5TH |
Franklin Fire batting - Pitching for Ballard Beavers : RHP José Sánchez
|
Batting: RHB Peter Holland
|
0-0: Called Strike 0-1: Ball 1-1: Ball 2-1: Called Strike 2-2: Ball 3-2: Strikes out looking
|
Batting: RHB Dan Lewis
|
0-0: Ball 1-0: Called Strike 1-1: Ball 2-1: Ball 3-1: SINGLE (Groundball, 56S) (infield hit)
|
Pitching: RHP Donzel Folena
|
|
Batting: SHB Govaart Baars
|
0-0: Ball 1-0: Fly out, F9 (Flyball, 9)
|
Batting: RHB Thomas Flyer
|
0-0: Ball 1-0: Fielders Choice at 2nd, 6-4 (Groundball, 56)
|
Top of the 5th over - 0 runs, 1 hit, 0 errors, 1 left on base; Franklin 3 - Ballard 1 |
BOTTOM OF THE 5TH |
Ballard Beavers batting - Pitching for Franklin Fire : LHP Kohei Nishikawa
|
Batting: RHB Bob Smelcer
|
0-0: Foul Ball, location: 2F 0-1: Foul Ball, location: 2F 0-2: Ball 1-2: Strikes out looking
|
Batting: RHB Tony Hernández
|
0-0: Called Strike 0-1: Fly out, F3 (Line Drive, 3S)
|
Batting: RHB Jim Herries
|
0-0: Ball 1-0: Ball 2-0: Called Strike 2-1: Fly out, F3 (Popup, 3F)
|
Bottom of the 5th over - 0 runs, 0 hits, 0 errors, 0 left on base; Franklin 3 - Ballard 1 |
TOP OF THE 6TH |
Franklin Fire batting - Pitching for Ballard Beavers : RHP Donzel Folena
|
Batting: LHB Wilson Hernández
|
0-0: Called Strike 0-1: Foul Ball, location: 2F 0-2: Strikes out swinging
|
Batting: RHB Djakapura Makanamaikai
|
0-0: Ground out U3 (Groundball, 3)
|
Batting: RHB Ricardo Cardona
|
0-0: Called Strike 0-1: Foul Ball, location: 2F 0-2: Ball 1-2: Ball 2-2: Ball 3-2: Fly out, F7 (Flyball, 7S)
|
Top of the 6th over - 0 runs, 0 hits, 0 errors, 0 left on base; Franklin 3 - Ballard 1 |
BOTTOM OF THE 6TH |
Ballard Beavers batting - Pitching for Franklin Fire : LHP Kohei Nishikawa
|
Batting: RHB Cornelius Adkison
|
0-0: Ball 1-0: SINGLE (Line Drive, 56D)
|
Batting: RHB José Hernández
|
0-0: Ball Cornelius Adkison steals 2nd base 1-0: Ball 2-0: Ground out 5-3 (Groundball, 56)
|
Batting: RHB Juan Jose Guerrero
|
0-0: Swinging Strike 0-1: Fly out, F3 (Line Drive, 3)
|
Batting: LHB Gabriel Montoya
|
0-0: Called Strike 0-1: Ball 1-1: Called Strike 1-2: Strikes out swinging
|
Bottom of the 6th over - 0 runs, 1 hit, 0 errors, 1 left on base; Franklin 3 - Ballard 1 |
TOP OF THE 7TH |
Franklin Fire batting - Pitching for Ballard Beavers : RHP Donzel Folena
|
Batting: RHB Shannon L. Alder
|
0-0: SINGLE (Line Drive, 5D)
|
Batting: LHB Mitchell Pate
|
0-0: Bunted foul 0-1: Ball 1-1: Bunted foul 1-2: Foul Ball, location: 2F 1-2: Foul Ball, location: 2F 1-2: Ball 2-2: Ball 3-2: Base on Balls Shannon L. Alder to second
|
Batting: RHB Peter Holland
|
0-0: Called Strike 0-1: Swinging Strike 0-2: Strikes out swinging
|
Batting: RHB Dan Lewis
|
0-0: Called Strike 0-1: Ball 1-1: Foul Ball, location: 2F 1-2: Ground out 5-3 (Groundball, 56S) Shannon L. Alder to third Mitchell Pate to second
|
Batting: SHB Govaart Baars
|
0-0: Ball 1-0: Called Strike 1-1: Ball 2-1: Swinging Strike 2-2: Strikes out swinging
|
Top of the 7th over - 0 runs, 1 hit, 0 errors, 2 left on base; Franklin 3 - Ballard 1 |
BOTTOM OF THE 7TH |
Ballard Beavers batting - Pitching for Franklin Fire : LHP Kohei Nishikawa
|
Batting: RHB Evegnii Wolfson
|
0-0: Fly out, F8 (Flyball, 8RS)
|
Batting: SHB Rafael Bregonzi
|
0-0: Ball 1-0: Swinging Strike 1-1: Swinging Strike 1-2: Strikes out looking
|
Batting: RHB Bob Smelcer
|
0-0: Ball 1-0: Foul Ball, location: 2F 1-1: Foul Ball, location: 2F 1-2: Strikes out looking
|
Bottom of the 7th over - 0 runs, 0 hits, 0 errors, 0 left on base; Franklin 3 - Ballard 1 |
TOP OF THE 8TH |
Franklin Fire batting - Pitching for Ballard Beavers : RHP Donzel Folena
|
Pitching: RHP Aurelio Ortíz
|
|
Batting: RHB Thomas Flyer
|
0-0: Swinging Strike 0-1: Ball 1-1: Foul Ball, location: 2F 1-2: Strikes out swinging
|
Batting: LHB Wilson Hernández
|
0-0: Ball 1-0: Ball 2-0: DOUBLE (Line Drive, 89D)
|
Batting: RHB Djakapura Makanamaikai
|
0-0: Intentional Walk
|
Batting: RHB Ricardo Cardona
|
0-0: Ball 1-0: Ball 2-0: Foul Ball, location: 2F 2-1: Called Strike 2-2: Fly out, F5 (Popup, 5SF)
|
Batting: RHB Shannon L. Alder
|
0-0: Ball 1-0: Ball 2-0: Foul Ball, location: 2F 2-1: Ball 3-1: Foul Ball, location: 2F 3-2: Base on Balls Wilson Hernández to third Djakapura Makanamaikai to second
|
Batting: LHB Mitchell Pate
|
0-0: Called Strike 0-1: Ball 1-1: SINGLE (Flyball, 89S) Wilson Hernández scores Djakapura Makanamaikai to third Shannon L. Alder to second Runner from 3rd tries for Home, SAFE, no throw
|
Batting: RHB Peter Holland
|
0-0: Called Strike 0-1: Swinging Strike 0-2: Ball 1-2: Foul Ball, location: 2F 1-2: Strikes out swinging
|
Top of the 8th over - 2 runs, 2 hits, 0 errors, 2 left on base; Franklin 5 - Ballard 1 |
BOTTOM OF THE 8TH |
Ballard Beavers batting - Pitching for Franklin Fire : LHP Kohei Nishikawa
|
Batting: RHB Tony Hernández
|
0-0: Ground out 6-3 (Groundball, 6)
|
Batting: RHB Jim Herries
|
0-0: Called Strike 0-1: Foul Ball, location: 2F 0-2: Ball 1-2: Ball 2-2: Fly out, F8 (Flyball, 8LM)
|
Batting: RHB Cornelius Adkison
|
0-0: Called Strike 0-1: Reached on error, E1 (Groundball, 13S)
|
Batting: RHB José Hernández
|
0-0: Ball 1-0: Ball 2-0: Fly out, F9 (Flyball, 9LM)
|
Bottom of the 8th over - 0 runs, 0 hits, 1 error, 1 left on base; Franklin 5 - Ballard 1 |
TOP OF THE 9TH |
Franklin Fire batting - Pitching for Ballard Beavers : RHP Aurelio Ortíz
|
Batting: RHB Dan Lewis
|
0-0: Called Strike 0-1: Ball 1-1: Ball 2-1: Foul Ball, location: 2F 2-2: Foul Ball, location: 2F 2-2: Ball 3-2: Foul Ball, location: 2F 3-2: Strikes out looking
|
Batting: SHB Govaart Baars
|
0-0: Ball 1-0: Ball 2-0: Foul Ball, location: 2F 2-1: Ball 3-1: Foul Ball, location: 2F 3-2: Foul Ball, location: 2F 3-2: Strikes out looking
|
Batting: RHB Thomas Flyer
|
0-0: Ball 1-0: Fly out, F9 (Line Drive, 89M)
|
Top of the 9th over - 0 runs, 0 hits, 0 errors, 0 left on base; Franklin 5 - Ballard 1 |
BOTTOM OF THE 9TH |
Ballard Beavers batting - Pitching for Franklin Fire : LHP Kohei Nishikawa
|
Batting: RHB Juan Jose Guerrero
|
0-0: Foul Ball, location: 2F 0-1: Swinging Strike 0-2: Foul Ball, location: 2F 0-2: Strikes out swinging
|
Batting: LHB Gabriel Montoya
|
0-0: Ball 1-0: Called Strike 1-1: Fly out, F8 (Flyball, 8LD)
|
Batting: RHB Evegnii Wolfson
|
0-0: Ball 1-0: Ball 2-0: Ball 3-0: Called Strike 3-1: DOUBLE (Line Drive, 7LM)
|
Pitching: LHP Jesús Colón
|
|
Batting: SHB Rafael Bregonzi
|
0-0: Called Strike
|
|
|
|
0-1: Ball 1-1: Swinging Strike 1-2: Ball 2-2: Strikes out swinging
|
Bottom of the 9th over - 0 runs, 1 hit, 0 errors, 1 left on base; Franklin 5 - Ballard 1 |
 |
Saturday, December 22nd, 2018 - OOTP Baseball 18.8 Build 76
|
|